 Dungeon Crawl Stone Soup version 0.29-a0-43-g62a80824bf (webtiles) character file.

Game seed: 1637854689824122482

5599 grumblor the Cleaver (level 10, -5/82 HPs)
             Began as a Vine Stalker Fighter on Feb 3, 2022.
             Was a Believer of Sif Muna.
             Succumbed to a hornet's poison
             ... on level 8 of the Dungeon.
             The game lasted 00:15:30 (7425 turns).

grumblor the Cleaver (Vine Stalker Fighter)         Turns: 7425, Time: 00:15:31

Health: -5/82      AC: 21    Str: 22    XL:     10   Next: 73%
Magic:  3/14       EV:  7    Int:  8    God:    Sif Muna [**....]
Gold:   210        SH:  5    Dex: 15    Spells: 9/9 levels left

rFire   . . .      SeeInvis +   m - +3 war axe
rCold   . . .      Faith    .   c - +0 buckler
rNeg    . . .      Spirit   +   p - +0 plate armour
rPois   .          Reflect  .   j - +2 helmet {SInv}
rElec   .          Harm     .   v - +0 cloak {rCorr}
rCorr   +          Rampage  .   u - +2 pair of gloves
Will    +....                   o - +0 pair of boots
Stlth   ..........              (no amulet)
HPRegen 1.03/turn               l - ring of flight
MPRegen 0.14/turn               (no ring)

@: berserking, lethally poisoned (-5 -> -26), flying, slowed
A: fangs 3, regeneration 1, magic shield, antimagic bite, no potion heal 2
a: Renounce Religion, Channel Magic


You were on level 8 of the Dungeon.
You worshipped Sif Muna.
Sif Muna was pleased with you.
You visited 2 branches of the dungeon, and saw 9 of its levels.
You also visited: Sewer.

You collected 348 gold pieces.
You spent 138 gold pieces at shops.

Inventory:

Hand Weapons
 m - a +3 war axe (weapon)
 n - a +2 whip of electrocution
Missiles
 h - 3 boomerangs
 q - 20 poisoned darts (quivered)
 z - 2 throwing nets
Armour
 c - a +0 buckler (worn)
 j - a +2 helmet of see invisible (worn)
 o - a +0 pair of boots (worn)
 p - a +0 plate armour (worn)
 u - a +2 pair of gloves (worn)
 v - a +0 cloak of preservation (worn)
Jewellery
 l - a ring of flight (left hand)
 B - a ring of protection from cold
Wands
 x - a wand of flame (40)
Scrolls
 f - 3 scrolls of blinking
 w - a scroll of magic mapping
 y - a scroll of summoning
Potions
 a - a potion of resistance
 b - a potion of magic
 d - 2 potions of might
 e - 3 potions of haste
 g - 3 potions of curing {unknown}
 i - 2 potions of berserk rage
 k - a potion of attraction {unknown}
 r - a potion of lignification {unknown}
 s - a potion of invisibility {unknown}
 t - a potion of ambrosia {unknown}
 A - a potion of cancellation {unknown}


   Skills:
 * Level 7.2 Fighting
 - Level 8.0 Axes
 - Level 2.0 Throwing
 * Level 6.2 Armour
 - Level 4.0 Dodging
 + Level 3.9 Shields
 * Level 4.9 Invocations
 * Level 2.2 Evocations


You had 9 spell levels left.
You didn't know any spells.
Your spell library contained the following spells:

 Spells                   Type           Power      Damage    Failure   Level
 Beastly Appendage        Tmut           0%         N/A       100%        1
 Magic Dart               Conj           0%         1d3       100%        1
 Ensorcelled Hibernation  Hex/Ice        0%         N/A       100%        2
 Searing Ray              Conj           0%         2d4       100%        2
 Wereblood                Tmut           0%         N/A       100%        2
 Spider Form              Tmut/Pois      0%         N/A       100%        3
 Anguish                  Hex/Necr       0%         N/A       100%        4
 Fulminant Prism          Conj/Hex       0%         3d6       100%        4


Dungeon Overview and Level Annotations

Branches:
Dungeon (8/15)             Temple (1/1) D:6           Sewer (visited)
   Lair: D:8-11

Altars:
Ashenzari
Cheibriados
Dithmenos
Fedhas
Gozag
Hepliaklqana
Kikubaaqudgha
Ru
Sif Muna
Wu Jian
Yredelemnul

Shops:
D:2 [   D:7 *


Innate Abilities, Weirdness & Mutations

You have razor-sharp teeth.
Your natural rate of healing is unusually fast.
When hurt, damage is shared between your health and your magic reserves.
Your bite disrupts and absorbs the magic of your enemies.
Potions cannot restore your health.


Message History

You barely miss the hornet.
The hornet is heavily wounded.
You feel sick. The hornet stings you.
You feel yourself slow down. The hornet stings you!
You are more poisoned.
You feel as though you will be slow longer.
You hit the hornet. You bite the hornet. You drain its power.
You feel invigorated.
The hornet is heavily wounded.
You feel extremely sick. The hornet stings you!
You feel as though you will be slow longer.
The hornet stings you but does no damage.
The hornet closely misses you.
You barely miss the hornet.
The hornet is heavily wounded.
You feel very sick. The hornet barely misses you. The hornet stings you.
You are more poisoned.
You suddenly lose the ability to move!
You feel very sick. The hornet stings you.
* * * LOW HITPOINT WARNING * * *
You are lethally poisoned!
You feel as though you will be slow longer.
The hornet stings you.
* * * LOW HITPOINT WARNING * * *
You feel as though you will be slow longer.
* * * LOW HITPOINT WARNING * * *
You feel very sick. The hornet stings you!
* * * LOW HITPOINT WARNING * * *
You are more poisoned.
You shrug off the repeated paralysis!
You can move again.
Unknown command.
It was a potion of berserk rage.
A red film seems to cover your vision as you go berserk!
You feel yourself moving faster!
You feel mighty!
You die...

######. ...[.. #####
..... ##...# #.........
#...$. #..#.##... #....#
#..#.##... ###
....#######..#.##.)#
.....#...........#.##..)
....$.y@.......[..>...))
....##.#.....#...#.####)
. #.#..........<)..).
#.#.###.#.#####....
#.#.# #.#.....#....
#.#.. #.#####.#....
#.#.#.#.# #....
#.#.#<#.# ##### #.# #.#


You could see a hornet.

Vanquished Creatures
  Harold (D:7)
  Pikel (D:6)
  Maurice (D:7)
  Psyche (D:8)
  Sigmund (D:6)
  4 yaks (D:6)
  2 steam dragons
  An orc warrior (D:8)
  5 water moccasins
  A sky beast (D:6)
  2 ogres
  2 necrophages
  A centaur (D:8)
  2 lemures
  Blork the orc (D:6)
  3 kobold brigands
  2 scorpions
  12 wights
  A centaur zombie (D:7)
  A jelly (D:5)
  2 orc priests
  2 bullfrog skeletons
  7 hounds
  A centaur skeleton (D:4)
  2 iguanas
  4 orc wizards
  A hound skeleton (D:4)
  Robin (D:3)
  6 gnolls
  7 adders
  A river rat (Sewer)
  2 white imps
  2 ufetubi
  4 worms
  3 dart slugs
  14 orcs
  6 ball pythons
  8 endoplasms
  12 giant cockroaches
  10 hobgoblins
  8 jackals
  5 quokkas
  7 bats
  3 frilled lizards
  14 goblins
  17 kobolds
  8 rats
202 creatures vanquished.

Notes
Turn   | Place    | Note
-------+----------+-------------------------------------------
     0 | D:1      | grumblor the Vine Stalker Fighter began the quest for the
                  | Orb.
     0 | D:1      | Reached XP level 1. HP: 11/11 MP: 2/2
   187 | D:1      | Reached XP level 2. HP: 16/16 MP: 3/3
   463 | D:1      | Reached skill level 2 in Axes
   488 | D:1      | Reached XP level 3. HP: 20/20 MP: 4/4
  1151 | D:2      | Found Waocs's Armour Shop.
  1562 | D:2      | Gained mutation: Your natural rate of healing is unusually
                  | fast. [Vine Stalker growth]
  1562 | D:2      | Reached XP level 4. HP: 19/24 MP: 5/5
  1908 | D:3      | Found a hazy altar of Hepliaklqana.
  1982 | D:3      | Reached skill level 1 in Dodging
  1989 | D:3      | Reached XP level 5. HP: 9/28 MP: 1/6
  2075 | D:3      | Noticed Robin
  2092 | D:3      | Killed Robin
  2147 | D:3      | Reached skill level 3 in Axes
  2459 | D:3      | Found a faded altar of an unknown god.
  2871 | D:3      | Reached XP level 6. HP: 33/33 MP: 7/7
  3181 | D:4      | Reached skill level 4 in Axes
  3186 | D:4      | Reached XP level 7. HP: 32/37 MP: 8/8
  3278 | D:4      | You fall into a shaft and drop 2 floors!
  3544 | D:6      | Noticed Blork the orc
  3553 | D:6      | Killed Blork the orc
  3594 | D:6      | Reached skill level 5 in Axes
  3635 | D:6      | Gained mutation: You have razor-sharp teeth. [Vine Stalker
                  | growth]
  3635 | D:6      | Reached XP level 8. HP: 29/42 MP: 4/9
  3682 | D:6      | Reached skill level 1 in Throwing
  3922 | D:6      | Noticed Pikel
  3923 | D:6      | Found a staircase to the Ecumenical Temple.
  3970 | Temple   | Entered the Ecumenical Temple
  4003 | Temple   | Became a worshipper of Sif Muna the Loreminder
  4048 | D:6      | HP: 2/42 [Pikel (2)]
  4086 | D:6      | Killed Pikel
  4087 | D:6      | Reached skill level 5 in Fighting
  4087 | D:6      | Reached skill level 1 in Invocations
  4176 | D:5      | Entered Level 5 of the Dungeon
  4229 | D:5      | Reached skill level 6 in Axes
  4269 | D:5      | Reached XP level 9. HP: 47/47 MP: 11/11
  4487 | D:5      | Identified the +5 ring mail of Optimism {+Inv rCorr Int+4}
  4552 | D:5      | Found a glowing drain.
  4574 | Sewer    | Entered a sewer
  4593 | Sewer    | Reached * piety under Sif Muna
  5749 | D:2      | Bought a +0 cloak of preservation for 138 gold pieces
  5908 | D:6      | Identified the +7 dagger of the Vine {spect, rCorr Str+5}
  6266 | D:6      | Noticed Sigmund
  6279 | D:6      | Killed Sigmund
  6287 | D:6      | Reached skill level 7 in Axes
  6397 | D:6      | Reached skill level 5 in Armour
  6431 | D:6      | Reached XP level 10. HP: 53/53 MP: 13/13
  6576 | D:7      | Reached ** piety under Sif Muna
  6737 | D:7      | Reached skill level 1 in Evocations
  6807 | D:7      | Noticed Harold
  6825 | D:7      | Killed Harold
  7140 | D:7      | Found Upianaock's Island Escapes.
  7304 | D:8      | Noticed Maurice
  7304 | D:8      | Noticed Psyche
  7333 | D:7      | Killed Maurice
  7334 | D:7      | Reached skill level 8 in Axes
  7368 | D:8      | Killed Psyche
  7418 | D:8      | Paralysed by a hornet for 1 turns
  7422 | D:8      | Paralysed by a hornet for 3 turns
  7424 | D:8      | HP: 2/55 [hornet (4)]
  7425 | D:8      | Succumbed to a hornet's poison

Illustrated notes

Levels and vault maps discovered:
D:1:      eino_arrival_cavern_e, layout_loops_cross
D:2:      layout_basic, serial_shops, shop_fountains, minmay_ruptured
D:3:      layout_loops_corners, mainiacjoe_overflow_small_starburst,
          hellmonk_ecumenical_altar_dog_temple, kennysheep_generic_room_15,
          uniq_robin
D:4:      layout_basic, minmay_puff
D:5:      minmay_octagon_keep, layout_cave_pods, gup_sewer_entry_pipe
D:6:      layout_layer_cave, minmay_temple_entry_tees, uniq_sigmund, uniq_pikel,
          uniq_blork_the_orc, uniq_eustachio
D:7:      layout_basic, nicolae_island_escapes, uniq_harold
D:8:      gammafunk_steamed_eel, layout_basic, minmay_tree_intersection,
          grunt_ogre_cave, uniq_psyche, uniq_maurice
Temple:   nicolae_temple_elliptical

Skill      XL: |  1  2  3  4  5  6  7  8  9 10 |
---------------+-------------------------------+-----
Fighting       | 3 4 5 6 7 |  7.2
Axes           | 2 3 4 5 6 7 8 |  8.0
Dodging        | 1 2 3 4 |  4.0
Shields        | 3 |  3.9
Armour         | 3 4 5 6 |  6.2
Throwing       | 2 |  2.0
Invocations    | 2 3 4 |  4.9
Evocations     | 2 |  2.2

Action                   |  1- 3 |  4- 6 |  7- 9 | 10-12 || total
-------------------------+-------+-------+-------+-------++-------
Melee: War axe           |    82 |   109 |   271 |    96 ||   558
       Bite              |    21 |    25 |    71 |    47 ||   164
Throw: Boomerang         |       |       |     6 |       ||     6
       Dart              |       |       |       |     5 ||     5
Evoke: Wand              |       |       |       |     6 ||     6
  Use: Scroll            |     4 |     4 |     8 |     1 ||    17
       Potion            |       |       |       |     3 ||     3
Armor: Scale mail        |    40 |    44 |       |       ||    84
       Chain mail        |       |    35 |    68 |       ||   103
       Plate armour      |       |       |    45 |    65 ||   110
Dodge: Dodged            |    46 |    59 |   110 |    36 ||   251
Block: Buckler           |    19 |    25 |    54 |    19 ||   117

Table legend: (Time is in decaauts)
 A = Elapsed time spent in this place.
 B = Non-inter-level travel time spent in this place.
 C = Inter-level travel time spent in this place.
 D = Time resting spent in this place.
 E = Time spent auto-exploring this place.
 F = Levels seen in this place.
 G = Mean time per level.
                   A        B        C        D        E       F      G
               +--------+--------+--------+--------+--------+-----+--------+
         Total |   7571 |   7195 |    376 |    144 |   5362 |  10 |  757.1 |
       Dungeon |   7230 |   6872 |    358 |    144 |   5217 |   8 |  903.8 |
        Temple |     59 |     41 |     18 |      0 |      0 |   1 |   59.0 |
         Sewer |    281 |    281 |      0 |      0 |    145 |   1 |  281.0 |
               +--------+--------+--------+--------+--------+-----+--------+

Top non-repeatable levels by time:
     D:6: 1517 daAuts
     D:3: 1158 daAuts
     D:2: 1041 daAuts
     D:5: 1016 daAuts
     D:1: 890 daAuts
     D:7: 851 daAuts
     D:4: 678 daAuts
   Sewer: 281 daAuts
     D:8: 75 daAuts
  Temple: 59 daAuts
